 Dungeon Crawl Stone Soup version 0.20.1-1-g8b1a95d (webtiles) character file.

2520 HeyBub the Cleaver (level 9, -1/85 HPs)
             Began as a Minotaur Fighter on July 9, 2017.
             Was a Believer of Okawaru.
             Slain by a nine-headed hydra (6 damage)
             ... on level 7 of the Dungeon.
             The game lasted 00:09:58 (6115 turns).

HeyBub the Cleaver (Minotaur Fighter)               Turns: 6115, Time: 00:09:59

Health: -1/85      AC: 22    Str: 24    XL:     9   Next: 29%
Magic:  6/8        EV: 10    Int:  8    God:    Okawaru [**....]
Gold:   360        SH: 15    Dex: 10    Spells: 8/8 levels left

rFire    . . .     SeeInvis .   a - +0 war axe
rCold    . . .     Gourm    .   c - +2 shield
rNeg     . . .     Faith    .   r - +0 plate armour
rPois    .         Spirit   .   t - +2 hat {Int+3}
rElec    .         Reflect  .   q - +0 cloak
rCorr    .         Harm     .   A - +0 pair of gloves
MR       .....                  (no boots)
Stlth    ..........             (no amulet)
Regen    0.3/turn               (no ring)
MPRegen  0.2/turn               (no ring)

@: heroism, flying
A: retaliatory headbutt, horns 2, thin metallic scales 1, robust 1
a: Heroism, Renounce Religion


You were on level 7 of the Dungeon.
You worshipped Okawaru.
Okawaru was pleased with you.
You were very hungry.

You visited 1 branch of the dungeon, and saw 7 of its levels.
You also visited: Sewer.

You collected 360 gold pieces.

Inventory:

Hand Weapons
 a - a +0 war axe (weapon)
Missiles
 d - 11 tomahawks (quivered)
 o - 3 tomahawks of dispersal
Armour
 b - a +0 scale mail
 c - a +2 shield (worn)
 q - a +0 cloak (worn)
 r - a +0 plate armour (worn)
 t - a +2 hat of intelligence (worn)
 A - a +0 pair of gloves (worn)
Jewellery
 C - a cursed ring of teleportation {unknown}
Wands
 m - a wand of acid (6/15)
 u - a wand of random effects (48/48)
 y - a wand of paralysis (16/24)
Scrolls
 e - a scroll of remove curse
 g - 14 scrolls of identify
 h - 2 scrolls of recharging
 i - 2 scrolls of teleportation
 j - a scroll of blinking
 B - a scroll of acquirement {unknown}
Potions
 l - 2 potions of magic {unknown}
 p - a potion of resistance {unknown}
 v - 2 potions of flight
 w - a potion of heal wounds {unknown}
 x - a potion of mutation
 z - a potion of berserk rage {unknown}
Comestibles
 f - 4 bread rations
 k - 4 meat rations
 s - a royal jelly


   Skills:
 + Level 6.5(11.5) Fighting
 + Level 10.2(15.2) Axes
 + Level 7.0(12.0) Armour
 + Level 2.9(7.9) Dodging
 + Level 0.8(5.8) Stealth
 + Level 7.8(12.8) Shields


You had 8 spell levels left.
You didn't know any spells.

Dungeon Overview and Level Annotations

Branches:
Dungeon (7/15)             Temple (0/1) D:4

Altars:
Ashenzari
Dithmenos
Nemelex Xobeh
Okawaru
Qazlal
Sif Muna
The Shining One


Innate Abilities, Weirdness & Mutations

You reflexively headbutt those who attack you in melee.
You have a pair of horns on your head.
You are partially covered in thin metallic scales. (AC +2)
You are robust. (+10% HP)


Message History

You block the nine-headed hydra's attack.
The nine-headed hydra bites you but does no damage.
The nine-headed hydra bites you.
* * * LOW HITPOINT WARNING * * *
The nine-headed hydra bites you but does no damage. x2
The nine-headed hydra closely misses you.
The troll bites you but does no damage. You block the troll's attack.
The troll claws you but does no damage.
An orc comes into view. It is wielding a short sword.
It was a potion of mutation.
You feel extremely strange.
You feel robust.
Thin metallic scales grow over part of your body.
The orc shouts!
You block the worker ant's attack.
The nine-headed hydra closely misses you.
The nine-headed hydra bites you but does no damage. x2
You block the nine-headed hydra's attack.
The nine-headed hydra barely misses you.
The nine-headed hydra misses you. The nine-headed hydra bites you.
You die...

#.#####...........
#..)...........#
#.####.........#
#.........#
#.#....#.#.####
###..#.........
#.#....##...
...###..# ....#
#@$#
#......aDT......
........HJ.......
.................
...............
.............$.
..###o###.....# .#
.# #...##


You could see a nine-headed hydra, a slime creature, a manticore, a troll, a
worker ant and an orc.

Vanquished Creatures
  Duvessa (D:7)
  A black bear (D:6)
  2 ice beasts
  A necrophage (D:5)
  A phantom (D:4)
  2 centaurs
  5 bullfrogs
  Dowan (D:7)
  2 scorpions (D:4)
  The ghost of HeyBub the Bolt Thrower, a weakling DDHu of Elyvilon (D:3)
  A killer bee (D:7)
  A howler monkey (D:4)
  3 crimson imps
  A quasit (D:6)
  4 orc wizards
  2 orc priests (D:5)
  5 hounds
  A jelly (D:4)
  Natasha (twice) (D:3)
  Ijyb (D:3)
  An iguana (D:6)
  4 worker ants
  3 hound zombies
  4 worker ant zombies
  7 gnolls (D:5)
  18 adders
  A shadow imp (D:6)
  8 oozes
  An adder zombie (D:3)
  3 dart slugs
  15 leopard geckos
  12 orcs
  18 ball pythons
  19 giant cockroaches
  7 goblins
  13 hobgoblins
  2 jackals (D:5)
  5 kobolds
  6 quokkas
  5 bats
  19 frilled lizards
  A leopard gecko zombie (D:3)
  5 rats (D:3)
215 creatures vanquished.

Notes
Turn   | Place    | Note
-------+----------+-------------------------------------------
     0 | D:1      | HeyBub the Minotaur Fighter began the quest for the Orb.
     0 | D:1      | Reached XP level 1. HP: 19/19 MP: 0/0
    45 | D:1      | Reached XP level 2. HP: 27/27 MP: 1/1
   331 | D:1      | Reached XP level 3. HP: 33/33 MP: 2/2
   630 | D:2      | Found a sparkling altar of Nemelex Xobeh.
   643 | D:2      | Reached skill level 3 in Axes
   652 | D:2      | Became a worshipper of Nemelex Xobeh the Trickster
   719 | D:2      | Received a gift from Nemelex Xobeh
   893 | D:2      | Found a shattered altar of Ashenzari.
   942 | D:2      | Reached XP level 4. HP: 35/40 MP: 3/3
  1175 | D:3      | Noticed HeyBub's ghost (weakling DDHu)
  1185 | D:3      | Killed HeyBub's ghost
  1185 | D:3      | Reached skill level 4 in Axes
  1227 | D:3      | Noticed Ijyb
  1232 | D:3      | Killed Ijyb
  1232 | D:3      | Reached XP level 5. HP: 27/46 MP: 4/4
  1514 | D:3      | Reached skill level 1 in Dodging
  1546 | D:3      | Found a stormy altar of Qazlal.
  1557 | D:3      | Reached skill level 5 in Axes
  1662 | D:3      | Found a glowing drain.
  1677 | Sewer    | Entered a sewer
  1681 | Sewer    | Reached XP level 6. HP: 45/53 MP: 5/5
  1746 | Sewer    | Reached skill level 5 in Shields
  2124 | Sewer    | Reached skill level 5 in Armour
  2335 | Sewer    | Reached skill level 6 in Axes
  2335 | Sewer    | Reached XP level 7. HP: 60/60 MP: 6/6
  2436 | D:3      | Noticed Natasha
  2445 | D:3      | Killed Natasha
  2557 | D:3      | Noticed Natasha
  2563 | D:3      | Killed Natasha
  2607 | D:4      | Found a shadowy altar of Dithmenos.
  2607 | D:4      | Reached * piety under Nemelex Xobeh
  2884 | D:4      | Found a staircase to the Ecumenical Temple.
  3010 | D:4      | Reached skill level 7 in Axes
  3018 | D:4      | Received a gift from Nemelex Xobeh
  3036 | D:4      | Found an iron altar of Okawaru.
  3062 | D:4      | Fell from the grace of Nemelex Xobeh
  3062 | D:4      | Became a worshipper of Warmaster Okawaru
  3117 | D:4      | Reached skill level 5 in Fighting
  3364 | D:5      | Entered Level 5 of the Dungeon
  3377 | D:5      | Reached XP level 8. HP: 48/68 MP: 7/7
  3649 | D:5      | Found a deep blue altar of Sif Muna.
  3707 | D:5      | Reached skill level 8 in Axes
  4135 | D:5      | Reached * piety under Okawaru
  4542 | D:5      | Found a glowing golden altar of the Shining One.
  4554 | D:5      | Reached skill level 9 in Axes
  5650 | D:6      | Reached XP level 9. HP: 53/75 MP: 8/8
  5729 | D:6      | Reached ** piety under Okawaru
  6072 | D:7      | Noticed Duvessa
  6072 | D:7      | Noticed Dowan
  6084 | D:7      | Killed Duvessa
  6084 | D:7      | Reached skill level 10 in Axes
  6090 | D:7      | Killed Dowan
  6102 | D:7      | Noticed a troll
  6104 | D:7      | Noticed a seven-headed hydra
  6111 | D:7      | Noticed a manticore
  6112 | D:7      | HP: 1/78 [troll (12)]
  6115 | D:7      | Gained mutation: You are robust. (+10% HP) [potion of mutation]
  6115 | D:7      | Gained mutation: You are partially covered in thin metallic scales. (AC +2) [potion of mutation]
  6115 | D:7      | Slain by a nine-headed hydra

Skill      XL: |  1  2  3  4  5  6  7  8  9 |
---------------+----------------------------+-----
Armour         | 4 5 6 7 |  7.0
Fighting       | 4 5 6 |  6.5
Shields        | 4 5 6 7 |  7.8
Axes           | 3 4 5 6 7 9 10 | 10.2
Dodging        | 1 2 |  2.9
Stealth        | |  0.8

Action                   |  1- 3 |  4- 6 |  7- 9 || total
-------------------------+-------+-------+-------++-------
Melee: War axe           |    68 |   230 |   340 ||   638
       Headbutt          |     7 |    25 |    56 ||    88
Invok: Heroism           |       |       |     1 ||     1
  Use: Potion            |       |     1 |     6 ||     7
       Scroll            |       |       |    11 ||    11
  Eat: Chunk             |       |     5 |    11 ||    16
       Fruit             |       |       |     4 ||     4
       Royal jelly       |       |       |     1 ||     1
Armor: Scale mail        |    30 |   140 |    64 ||   234
       Plate armour      |       |       |    80 ||    80
       Skin              |       |       |     8 ||     8
Dodge: Dodged            |    21 |   116 |   101 ||   238
Block: Shield            |    35 |   193 |   219 ||   447
